 Dungeon Crawl Stone Soup version 0.30-a0-364-gf6b3ef1049 (webtiles) character file.

Game seed: 10019026117626604468

60 Ijustatesigmund the Firebug (level 3, -4/20 HPs)
             Began as a Deep Elf Fire Elementalist on Nov 14, 2022.
             Slain by a gnoll
             ... wielding a +3 spear
              (5 damage)
             ... on level 2 of the Dungeon.
             The game lasted 00:02:26 (1671 turns).

Ijustatesigmund the Firebug (DEFE)                  Turns: 1671, Time: 00:02:28

Health: -4/20      AC:  4    Str:  5    XL:     3   Next: 80%
Magic:  5/10       EV: 12    Int: 21    God:
Gold:   64         SH:  0    Dex: 15    Spells: 6/9 levels left

rFire   . . .      SeeInvis .    c - +1 dagger (venom)
rCold   . . .      Faith    .    (no shield)
rNeg    . . .      Spirit   .    a - +0 robe
rPois   .          Reflect  .    (no helmet)
rElec   .          Harm     .    (no cloak)
rCorr   .          Rampage  .    (no gloves)
Will    .....                    i - +1 pair of boots
Stlth   ++........               (no amulet)
HPRegen 0.23/turn                (no ring)
MPRegen 0.12/turn                (no ring)

@: no status effects
A: no striking features
a: no special abilities


You were on level 2 of the Dungeon.
You visited 1 branch of the dungeon, and saw 2 of its levels.

You collected 64 gold pieces.

Inventory:

Hand Weapons
 c - a +1 dagger of venom (weapon)
Armour
 a - a +0 robe (worn)
 i - a +1 pair of boots (worn)
Scrolls
 f - 2 scrolls of teleportation
Potions
 b - a potion of magic
 d - a potion of attraction
 e - a potion of brilliance {unknown}
 g - a potion of curing {unknown}
 h - a potion of cancellation {unknown}
 j - a potion of degeneration {unknown}
 k - a potion of flight {unknown}


   Skills:
 + Level 1.2 Fighting
 - Level 2.4 Dodging
 - Level 2.4 Stealth
 + Level 3.8 Spellcasting
 + Level 2.1 Conjurations
 + Level 3.8 Fire Magic


You had 6 spell levels left.
You knew the following spells:

 Your Spells              Type           Power      Damage    Failure   Level
a - Foxfire               Conj/Fire      64%        2x1d7     3%          1
b - Scorch                Fire           40%        2d7       3%          2

Your spell library contained the following spells:

 Spells                   Type           Power      Damage    Failure   Level
 Inner Flame              Hex/Fire       12%        N/A       17%         3
 Kindle Blastsparks       Fire/Tloc/Air  18%        2d11      22%         3
 Flame Wave               Conj/Fire      16%        2d7       34%         4


Dungeon Overview and Level Annotations

Branches:
Dungeon (2/15)

Altars:


Message History

The gnoll is moderately wounded.
The foxfire hits the gnoll.
The gnoll is heavily wounded.
Casting: Foxfire (safe; 3% risk of failure)
Confirm with . or Enter, or press ? or * to list all spells.
You conjure some foxfire!
A gnoll opens the door.
Found an escape hatch in the floor.
The foxfire hits the gnoll.
The gnoll is severely wounded.
The foxfire hits the gnoll.
You kill the gnoll!
Casting: Foxfire (safe; 3% risk of failure)
Confirm with . or Enter, or press ? or * to list all spells.
You conjure some foxfire!
The foxfire hits the adder.
The adder is moderately wounded.
The foxfire hits the adder.
The adder is heavily wounded.
The adder bites you but does no damage.
Casting: Foxfire (safe; 3% risk of failure)
Confirm with . or Enter, or press ? or * to list all spells.
You conjure some foxfire!
The adder bites you but does no damage. The gnoll closely misses you.
The adder closely misses you.
The foxfire hits the gnoll.
The gnoll is lightly wounded.
The foxfire hits the adder.
The adder is severely wounded.
The gnoll hits you from afar with a +3 spear!
The gnoll hits you but does no damage. The adder closely misses you.
Casting: Foxfire (safe; 3% risk of failure)
Confirm with . or Enter, or press ? or * to list all spells.
You conjure some foxfire!
The adder closely misses you. The gnoll barely misses you.
The gnoll hits you with a +0 club.
The foxfire hits the adder.
You kill the adder!
The foxfire hits the gnoll.
The gnoll is moderately wounded.
The gnoll hits you with a +0 club!
* * * LOW HITPOINT WARNING * * *
The gnoll hits you from afar with a +3 spear.
You die...

########## ##........#
.....gg...# ....†.)@..#
...#.....### .>.'.....†.#
...#....†#.# ## #.....#.#
#######.# #.....#
.######.##### ####
...........###########...


You could see 2 gnolls.

Vanquished Creatures
  A gnoll (D:2)
  2 adders (D:2)
  A bat (D:1)
  An endoplasm (D:1)
  3 giant cockroaches
  4 goblins
  3 hobgoblins
  3 quokkas (D:1)
  7 ball pythons
  5 frilled lizards
  3 kobolds
  8 rats
41 creatures vanquished.

Vanquished Creatures (others)
  129 foxfires
129 creatures vanquished.

Grand Total: 170 creatures vanquished

Notes
Turn   | Place    | Note
-------+----------+-------------------------------------------
     0 | D:1      | Ijustatesigmund the Deep Elf Fire Elementalist began the
                  | quest for the Orb.
     0 | D:1      | Reached XP level 1. HP: 10/10 MP: 6/6
   285 | D:1      | Reached XP level 2. HP: 16/16 MP: 5/8
   296 | D:1      | Learned a level 2 spell: Scorch
   532 | D:1      | Found a faded altar of an unknown god.
  1212 | D:2      | Reached skill level 1 in Fighting
  1212 | D:2      | Reached XP level 3. HP: 16/20 MP: 5/10
  1671 | D:2      | HP: 1/20 [gnoll/+0 club (7)]
  1671 | D:2      | Slain by a gnoll

Illustrated notes

Levels and vault maps discovered:
D:1:      erik_arrival_triangle_huge, layout_loops_cross,
          shapermc_ecumenical_altar_totnotflames
D:2:      layout_basic, serial_shops, nicolae_shop_crystal, minmay_tetromino_i4

Skill      XL: |  1  2  3 |
---------------+----------+-----
Fighting       | 1 |  1.2
Conjurations   | 2 |  2.1
Dodging        | |  2.4
Stealth        | |  2.4
Spellcasting   | |  3.8
Fire Magic     | |  3.8

Action                   || total
-------------------------++-------
 Cast: Foxfire           ||    79
  Use: Scroll            ||     4
Armor: Robe              ||     8
Dodge: Dodged            ||    20

Table legend: (Time is in decaauts)
 A = Elapsed time spent in this place.
 B = Non-inter-level travel time spent in this place.
 C = Inter-level travel time spent in this place.
 D = Time resting spent in this place.
 E = Time spent auto-exploring this place.
 F = Levels seen in this place.
 G = Mean time per level.
                   A        B        C        D        E       F      G
               +--------+--------+--------+--------+--------+-----+--------+
         Total |   1669 |   1649 |     20 |    103 |   1292 |   2 |  834.5 |
       Dungeon |   1669 |   1649 |     20 |    103 |   1292 |   2 |  834.5 |
               +--------+--------+--------+--------+--------+-----+--------+

Top non-repeatable levels by time:
     D:1: 1127 daAuts
     D:2: 542 daAuts
